 Dungeon Crawl Stone Soup version 0.25.0-9-g26727b657a (webtiles) character file.

Game seed: 8943321096229423466

56 mopl the Skirmisher (level 3, 3/29 HPs)
             Began as a Demonspawn Wanderer on June 16, 2020.
             Quit the game on level 2 of the Dungeon.
             The game lasted 00:01:58 (1010 turns).

mopl the Skirmisher (Demonspawn Wanderer)           Turns: 1010, Time: 00:01:59

Health: 3/29       AC:  8    Str: 13    XL:     3   Next: 71%
Magic:  1/3        EV:  8    Int: 15    God:
Gold:   102        SH:  0    Dex: 10    Spells: 2/2 levels left

rFire    . . .     SeeInvis .   h - -1 spear (curse)
rCold    . . .     Gourm    .   (no shield)
rNeg     . . .     Faith    .   c - +2 scale mail
rPois    .         Spirit   +   (no helmet)
rElec    .         Reflect  .   n - scarf {+Inv}
rCorr    .         Harm     .   (no gloves)
MR       .....                  (no boots)
Stlth    ..........             (no amulet)
HPRegen  0.09/turn              e - ring of attention (curse)
MPRegen  0.08/turn              (no ring)

@: lethally poisoned (3 -> -3)
A: hooves 1, magic shield
a: Evoke Invisibility


You were on level 2 of the Dungeon.
You were hungry.

You visited 1 branch of the dungeon, and saw 2 of its levels.

You collected 102 gold pieces.

Inventory:

Hand Weapons
 a - a +0 club
 d - a +0 dagger
 h - a cursed -1 spear (weapon)
Missiles
 g - 5 curare-tipped darts (quivered)
Armour
 c - a +2 scale mail (worn)
 n - a scarf of invisibility (worn)
Jewellery
 e - a cursed ring of attention (left hand)
Scrolls
 b - 3 scrolls of teleportation
 i - 2 scrolls of identify {unknown}
 j - 2 scrolls of remove curse {unknown}
 m - a scroll of fear {unknown}
 o - a scroll of fog {unknown}
Comestibles
 f - 5 rations


   Skills:
 + Level 3.4 Fighting
   Level 1.7 Axes
 - Level 2.6 Armour
 - Level 1.7 Stealth
   Level 3.2 Necromancy


You had 2 spell levels left.
You didn't know any spells.
Your spell library was empty.

Dungeon Overview and Level Annotations

Branches:
Dungeon (2/15)

Altars:
Hepliaklqana


Innate Abilities, Weirdness & Mutations

You have large cloven feet.
When hurt, damage is shared between your health and your magic reserves.


Message History

The adder bites you but does no damage.
You barely miss the adder.
The adder is severely wounded.
You are feeling hungry.
The adder barely misses you. The adder bites you.
* * * LOW HITPOINT WARNING * * *
You are lethally poisoned!
The adder poisons you!
Throwing (i - inventory)
g - 6 curare-tipped darts (quivered)
Press: ? - help, Shift-Dir - straight line, f - adder
Aim: an adder (severely wounded)
You throw a curare-tipped dart. The curare-tipped dart hits the adder.
The adder is poisoned.
The adder convulses.
You kill the adder!
* * * LOW HITPOINT WARNING * * *
You feel sick.
Unknown command.
You aren't carrying any potions.
Unknown command.
Are you sure you want to abandon this character and quit the game? (Confirm with "yes".)

#### ...# .##.<.
##.############## .#..r
#............... ....
##.#.##...#####.# ...
...#..#.#.# #.# ..#
........#.#####.# ..#
.....#..........##..####.
....###....#....@rg......
⌠..## ##.......###.......
....+##....###.# #######
..P..#.....# #.#
P≈≈P......## #.#
..P....#..# #.#
.....###.. #.# ..........
##.###.##


You could see a goblin and a rat.

Vanquished Creatures
  3 adders (D:2)
  A worm (D:2)
  4 bats
  A giant cockroach (D:1)
  7 goblins
  3 hobgoblins
  2 frilled lizards (D:2)
  4 kobolds
  2 rats
27 creatures vanquished.

Notes
Turn   | Place    | Note
-------+----------+-------------------------------------------
     0 | D:1      | mopl the Demonspawn Wanderer began the quest for the Orb.
     0 | D:1      | mopl set off with the following items: a +0 club, 2 scrolls
                  | of teleportation, a +2 scale mail, a +0 dagger, a ration
     0 | D:1      | Reached XP level 1. HP: 13/13 MP: 1/1
    29 | D:1      | Reached skill level 1 in Fighting
   179 | D:1      | Gained mutation: You have large cloven feet. [demonic
                  | ancestry]
   179 | D:1      | Reached XP level 2. HP: 17/22 MP: 2/2
   649 | D:2      | Gained mutation: When hurt, damage is shared between your
                  | health and your magic reserves. [demonic ancestry]
   649 | D:2      | Reached XP level 3. HP: 11/28 MP: 3/3
   687 | D:2      | Found a hazy altar of Hepliaklqana.
  1010 | D:2      | Quit the game

Illustrated notes

Levels and vault maps discovered:
D:1:      minmay_arrival_radiant_lines, layout_basic
D:2:      layout_loops_ring, marbit_many_paths, tso_oasis_becter,
          kennysheep_generic_room_15

Skill      XL: |  1  2  3 |
---------------+----------+-----
Fighting       | 1 2 3 |  3.4
Axes           | |  1.7
Armour         | |  2.6
Stealth        | |  1.7
Necromancy     | |  3.2

Action                   || total
-------------------------++-------
Melee: Spear             ||   124
       Club              ||     9
       Kick              ||    18
Throw: Dart              ||     1
  Use: Potion            ||     2
Armor: Scale mail        ||    71
Dodge: Dodged            ||    64
